 Dungeon Crawl Stone Soup version 0.28.0-53-g5a82cb258f (webtiles) character file.

Game seed: 6681766597673191904

14 Descartes the Cudgeller (level 2, -1/26 HPs)
             Began as a Troll Chaos Knight on May 29, 2022.
             Was a Plaything of Xom.
             Slain by a gnoll
             ... wielding a +0 halberd
              (15 damage)
             ... on level 2 of the Dungeon.
             The game lasted 00:01:30 (1190 turns).

Descartes the Cudgeller (Troll Chaos Knight)        Turns: 1190, Time: 00:01:30

Health: -1/26      AC:  6    Str: 19    XL:     2   Next: 27%
Magic:  1/1        EV:  9    Int:  6    God:    Xom [*.....]
Gold:   35         SH:  0    Dex:  9    Spells: 1/1 levels left

rFire   . . .      SeeInvis .   a - +0 mace (chaos)
rCold   . . .      Faith    .   (no shield)
rNeg    . . .      Spirit   .   b - +2 robe
rPois   .          Reflect  .   (helmet restricted)
rElec   .          Harm     .   (no cloak)
rCorr   .          Rampage  .   (gloves unavailable)
Will    .....                   (boots unavailable)
Stlth   +.........              (no amulet)
HPRegen 0.88/turn               (no ring)
MPRegen 0.07/turn               (no ring)

@: no status effects
A: large, unfitting armour, claws 3, regeneration 1, shaggy fur 1, tough skin 1,
dopey 1, frail 1
a: Renounce Religion


You were on level 2 of the Dungeon.
You worshipped Xom.
You were a special plaything of Xom.
You visited 1 branch of the dungeon, and saw 2 of its levels.

You collected 35 gold pieces.

Inventory:

Hand Weapons
 a - a +0 mace of chaos (weapon)
Armour
 b - a +2 robe (worn)
Scrolls
 c - a scroll of immolation {unknown}


   Skills:
 + Level 2.6 Fighting
 + Level 3.0 Maces & Flails
 - Level 1.9 Dodging
 + Level 0.5 Translocations


You had one spell level left.
You didn't know any spells.
Your spell library contained the following spells:

 Spells                   Type           Power      Damage    Failure   Level
 Magic Dart               Conj           0%         1d3       45%         1
 Searing Ray              Conj           0%         2d4       58%         2
 Fulminant Prism          Conj/Hex       0%         3d6       99%         4


Dungeon Overview and Level Annotations

Branches:
Dungeon (2/15)

Altars:

Shops:
D:1 :(([


Innate Abilities, Weirdness & Mutations

You are too large for most types of armour.
You have claws for hands.
Your natural rate of healing is unusually fast.
You are covered in fur. (AC +1)
You have tough skin. (AC +1)
You are dopey. (Int -2)
You are frail. (-10% HP)


Message History

You are now a special plaything of Xom.
There is an open door here.
There is an open door here.
You see here a +0 ring mail.
There is an open door here.
You now have 35 gold pieces (gained 9).
Done exploring.
Done exploring.
There is a stone staircase leading down here.
You climb downwards.
There is a stone staircase leading up here. 2 gnolls come into view.
The gnoll shouts!
A gnoll comes into view. It is wielding a +0 halberd.
A goblin comes into view. It is wielding a +0 club.
The gnoll moves out of view.
There are monsters nearby!
The gnoll shouts!
Found a stone staircase leading down.
You hit the gnoll. You burn the gnoll.
The gnoll is moderately wounded.
The gnoll hits you with a +0 club. The gnoll closely misses you.
You closely miss the gnoll.
The gnoll is moderately wounded.
The gnoll hits you with a +0 club. The gnoll hits you but does no damage.
The goblin closely misses you.
You sock the gnoll!
The gnoll seems to speed up.
Xom is amused.
The gnoll is almost dead.
The gnoll completely misses you.
The gnoll hits you from afar with a +0 halberd!
The gnoll barely misses you. The gnoll hits you but does no damage.
The goblin hits you with a +0 club. The gnoll barely misses you.
The gnoll closely misses you.
There is a stone staircase leading up here.
You thump the goblin! You freeze the goblin.
You kill the goblin!
The gnoll hits you from afar with a +0 halberd!
Ouch! That really hurt!
You die...

# ........ . #.
......# ..
.#.##.#...##...
....#.#........
>............ .
#.....##... #..
#.gg.......
#....#.)##.#.##.
........@.......
####.#..########
.......
#######.# .# ..
.. ...


You could see a gnoll.

Vanquished Creatures
  A dart slug (D:1)
  A giant cockroach (D:1)
  2 goblins
  A hobgoblin (D:1)
  2 kobolds (D:1)
  A ball python (D:1)
  2 bats (D:1)
  3 rats (D:1)
13 creatures vanquished.

Notes
Turn   | Place    | Note
-------+----------+-------------------------------------------
     0 | D:1      | Descartes the Troll Chaos Knight began the quest for the
                  | Orb.
     0 | D:1      | Reached XP level 1. HP: 22/22 MP: 0/0
    18 | D:1      | Found Rait Fuo's Antique Weapon Emporium.
   114 | D:1      | Found Xueti's Book Shop.
   216 | D:1      | Found Vucamemo's Weapon Shoppe.
   321 | D:1      | Found Unnasil's Antique Armour Shop.
   414 | D:1      | XOM: cloud trail
   422 | D:1      | Reached XP level 2. HP: 29/29 MP: 1/1
   448 | D:1      | XOM: silly message
   722 | D:1      | Reached skill level 3 in Maces & Flails
   766 | D:1      | Found a faded altar of an unknown god.
   799 | D:1      | XOM: give mutations
   799 | D:1      | Gained mutation: You are frail. (-10% HP) [Xom's mischief]
   799 | D:1      | Gained mutation: You are dopey. (Int -2) [Xom's mischief]
   799 | D:1      | Lost mutation: You are dopey. (Int -2) [Xom's mischief]
   799 | D:1      | Gained mutation: You are dopey. (Int -2) [Xom's mischief]
  1190 | D:2      | Slain by a gnoll

Illustrated notes

Levels and vault maps discovered:
D:1:      minmay_arrival_open_corners, layout_basic,
          shapermc_ecumenical_altar_ellora, serial_shops, shop,
          nicolae_shop_competitors_out_of_business,
          nicolae_shop_temple_entry_statues_fountains, nicolae_shop_trees
D:2:      layout_basic

Skill      XL: |  1  2 |
---------------+-------+-----
Maces & Flails | 3 |  3.0
Fighting       | |  2.6
Dodging        | |  1.9
Translocations | |  0.5

Action                   || total
-------------------------++-------
Melee: Mace              ||    39
Armor: Robe              ||    19
Dodge: Dodged            ||    25
